 Dungeon Crawl Stone Soup version 0.13-a0-2907-g70ca29e (webtiles) character file.

126 PolkaDot the Sneak (level 3, -7/22 HPs)
             Began as a Vampire Wizard on Aug 31, 2013.
             Mangled by Edmund
             ... wielding a +2,+7 flail of protection
              (13 damage)
             ... on Level 4 of the Dungeon.
             The game lasted 00:06:12 (1538 turns).

PolkaDot the Sneak (Vampire Wizard)                 Turns: 1538, Time: 00:06:12

HP  -7/22        AC  2     Str  6      XL: 3   Next: 73%
MP   1/10        EV 12     Int 21      God:
Gold 69          SH  0     Dex 12      Spells:  2 memorised,  4 levels left

Res.Fire  : . . .   See Invis. : +   j - +2 dagger (drain)
Res.Cold  : . . .   Warding    : .   a - +0 robe
Life Prot.: . . .   Conserve   : .   (no shield)
Res.Poison: .       Res.Corr.  : .   b - +0 wizard hat
Res.Elec. : .       Clarity    : .   (no cloak)
Sust.Abil.: . .     Spirit.Shd : .   (no gloves)
Res.Mut.  : .       Stasis     : .   (no boots)
Res.Rott. : .       Flight     : .   (no amulet)
Saprovore : . . .                    (no ring)
                                     (no ring)

@: regenerating quickly, hasted, very quick, slightly resistant to hostile
enchantments, stealthy
A: fangs 3, see invisible, unbreathing
a: no special abilities


You were on level 4 of the Dungeon.
You were very full.

You visited 1 branch of the dungeon, and saw 4 of its levels.

You collected 49 gold pieces.

Inventory:

Hand weapons
 j - a +2,+2 dagger of draining (weapon)
 l - a +3,+0 elven short sword
Armour
 a - a +0 robe (worn)
 b - a +0 wizard hat (worn)
Scrolls
 f - a scroll of teleportation {unknown}
 h - a scroll of remove curse {unknown}
 i - a scroll of enchant weapon II {unknown}
 k - a scroll of curse weapon {unknown}
 m - a scroll of curse armour {unknown}
 n - a scroll of identify {unknown}
Potions
 d - a potion of blood
 e - a potion of speed
 g - a potion of curing {unknown}
 o - 2 potions of mutation {unknown}
 p - 2 potions of paralysis {unknown}
Books
 c - a book of Minor Magic

   Spells                             Type                      Level
   *Magic Dart                        Conjuration                  1
   Blink                              Translocation                2
   Call Imp                           Summoning                    2
   Repel Missiles                     Charms/Air                   2
   Slow                               Hexes                        2
   *Conjure Flame                     Conjuration/Fire             3
   Mephitic Cloud                     Conjuration/Poison/Air       3


   Skills:
 - Level 2.1 Dodging
 - Level 3.0 Stealth
 - Level 3.0 Spellcasting
 * Level 2.7 Conjurations
   Level 1.0 Summonings
   Level 0.7 Translocations


You had 4 spell levels left.
You knew the following spells:

 Your Spells              Type           Power        Failure   Level  Hunger
a - Magic Dart            Conj           ##..         4%          1    None
s - Conjure Flame         Conj/Fire      #.......     24%         3    ###....


Dungeon Overview and Level Annotations

Branches:
Dungeon (4/27)
 Temple: D:4-7

Altars:

Annotations:
D:4 Edmund


Innate Abilities, Weirdness & Mutations

Your natural rate of healing is unusually fast.
You have razor-sharp teeth.*
You have supernaturally acute eyesight.
You can survive without breathing.*


Message History

The magic dart hits Edmund.
Edmund is moderately wounded.
Edmund is engulfed in roaring flames.
Edmund hits you with a glowing flail!
Casting: Magic Dart
Confirm with . or Enter, or press ? or * to list all spells.
Aiming: Magic Dart
Press: ? - help, Shift-Dir - straight line, f/p - Edmund
Aim: Edmund, wielding a glowing flail and wearing a ring mail (flame, heavily wounded)
The magic dart hits Edmund.
Edmund is heavily wounded.
Edmund is engulfed in roaring flames.
Edmund hits you with a glowing flail!
* * * LOW HITPOINT WARNING * * *
Casting: Magic Dart
Confirm with . or Enter, or press ? or * to list all spells.
Okay, then.
Drink which item? (? for menu, Esc to quit)
You feel yourself speed up.
It was a potion of speed.
Edmund is engulfed in roaring flames.
Edmund hits you with a glowing flail!
Ouch! That really hurt!
You die...

#.. #.# ... #.#
#.. #.# #.# #.#
#.# # #.#####.#
#.#.# #......<#
#.#####.#.#
#######.#
#....ยง@.g.#
#.# #@# #.#
#.###########.#
#.............#
###############


You could see Edmund and a goblin.

Vanquished Creatures
  An adder (D:2)
  A giant mite (D:1)
  A worm (D:3)
  2 giant geckos (D:1)
  A giant cockroach (D:1)
  6 hobgoblins (D:1)
  2 jackals (D:2)
  5 bats (D:1)
  A giant newt (D:1)
  5 goblins
  8 kobolds
  A rat (D:3)
34 creatures vanquished.

Notes
Turn   | Place    | Note
--------------------------------------------------------------
     0 | D:1      | PolkaDot, the Vampire Wizard, began the quest for the Orb.
     0 | D:1      | Reached XP level 1. HP: 11/11 MP: 6/6
   210 | D:1      | Reached skill level 1 in Conjurations
   380 | D:1      | Reached XP level 2. HP: 17/17 MP: 8/8
  1022 | D:1      | Reached XP level 3. HP: 22/22 MP: 8/10
  1248 | D:2      | Learned a level 3 spell: Conjure Flame
  1532 | D:4      | Noticed Edmund
  1538 | D:4      | Mangled by Edmund

Action                   || total
-------------------------++-------
Melee: Unarmed           ||     4
       Dagger            ||     2
 Cast: Magic Dart        ||    93
       Conjure Flame     ||     3
  Use: Potion            ||     1
